Cogmind - Beta 13 @@@ ROGUE MODE // 2024.04.08 @ 19:45:05 Player: f_ Result: Self-destructed Performance ------------- Evolutions (3) 1500 Regions Visited (6) 1200 Robots Destroyed (0) 0 Value Destroyed (0) 0 Prototype IDs (1) 20 Alien Tech Used (0) 0 Bonus (884) 884 TOTAL SCORE: 3604 Bonus ------- Pacifist 834 Follower Combat Kills 50 Cogmind --------- Core Integrity 673/700 Matter 273/300 Energy 100/100 System Corruption 0% Temperature Cool (0) Movement Core (50) Location -7/Lower Caves Parts ------- > --- POWER (1) -------- (None) > --- PROPULSION (4) --- Medium Treads Carbon-fiber Leg Gravmag System > --- UTILITY (6) ------ Improved Terrain Scan Processor Melee Analysis Suite Reaction Control System System Shield > --- WEAPON (2) ------- (None) > --- INVENTORY (5) ---- Cold Fusion Reactor Coolant Injector Katana Peak State ------------ > --- POWER ------------ (None) > --- PROPULSION ------- Medium Treads Carbon-fiber Leg Gravmag System > --- UTILITY ---------- Coolant Injector Improved Terrain Scan Processor Melee Analysis Suite Reaction Control System System Shield > --- WEAPON ----------- Katana > --- INVENTORY -------- Cold Fusion Reactor [Rating: 30] Favorites ----------- Power Cold Fusion Reactor Reactor Cold Fusion Reactor Propulsion Carbon-fiber Leg Treads Medium Treads Leg Carbon-fiber Leg Hover Unit Gravmag System Utility Improved Terrain Scan Processor Device Reaction Control System Processor Improved Terrain Scan Processor Hackware System Shield Weapon Katana Slashing Weapon Katana Build | -11 -10 -9 -9 -8 -7 -7 ------- Run | Yrd Mat Mat Sto Mat Fac Low Slots Evolved 6 | . . 2 . 2 2 . Power . | . . . . . . . Propulsion 2 | . . . . 2 . . Utility 4 | . . 2 . . 2 . Weapon . | . . . . . . . Parts Attached 10 | . . . 1 5 4 . Power 1 | . . . 1 . . . Engine . | . . . . . . . Core . | . . . . . . . Reactor 1 | . . . 1 . . . Propulsion 3 | . . . . 1 2 . Treads 1 | . . . . . 1 . Leg 1 | . . . . 1 . . Wheel . | . . . . . . . Hover 1 | . . . . . 1 . Flight . | . . . . . . . Utility 5 | . . . . 3 2 . Device 2 | . . . . 1 1 . Storage . | . . . . . . . Processor 2 | . . . . 1 1 . Hackware 1 | . . . . 1 . . Protection . | . . . . . . . Artifact . | . . . . . . . Weapon 1 | . . . . 1 . . Energy Gun . | . . . . . . . Energy Cannon . | . . . . . . . Ballistic Gun . | . . . . . . . Ballistic Cannon . | . . . . . . . Launcher . | . . . . . . . Special Weapon . | . . . . . . . Impact Weapon . | . . . . . . . Slashing Weapon 1 | . . . . 1 . . Piercing Weapon . | . . . . . . . Special Melee Weapon . | . . . . . . . Unidentified Prototypes 1 | . . . 1 . . . Parts Lost . | . . . . . . . Power . | . . . . . . . Propulsion . | . . . . . . . Utility . | . . . . . . . Weapon . | . . . . . . . Highest Loss Streak . | . . . . . . . To Critical Strikes . | . . . . . . . Average Slot Usage (%) 35 | . . . . 22 53 54 Treads 3 | . . . . . 5 7 Leg 4 | . . . . 3 7 7 Hover 3 | . . . . . 4 7 Device 5 | . . . . 8 7 7 Processor 9 | . . . . 6 12 15 Hackware 4 | . . . . 1 7 7 Slashing Weapon 2 | . . . . 3 7 1 Naked Turns 190 | . 26 34 127 3 . . Heaviest Build 3 | . . . . 3 3 3 Greatest Support 3 | 3 3 3 3 3 3 3 Greatest Overweight (x) . | . . . . . . . Average Overweight (x) . | . . . . . . . Largest Inventory Capacity 5 | 5 5 5 5 5 5 5 Average Capacity 5 | 5 5 5 5 5 5 5 Most Carried 3 | . . . 1 1 2 3 Average Carried 1 | . . . . 1 1 2 Final Capacity 5 | 5 5 5 5 5 5 5 Final Carried 3 | . . . 1 1 2 3 Class Distribution -------------------- 97% | Mutant Dominant Class ---------------- Mutant | -10/Materials Mutant | -9/Materials Mutant | -9/Storage Mutant | -8/Materials Mutant | -7/Factory Mutant | -7/Lower Caves Resources | -11 -10 -9 -9 -8 -7 -7 ----------- Run | Yrd Mat Mat Sto Mat Fac Low Matter Collected 255 | 136 . . . . . 119 Remotely . | . . . . . . . Salvage Created . | . . . . . . . Parts . | . . . . . . . Haulers Intercepted . | . . . . . . . Recyclers Shooed . | . . . . . . . Parts Field Recycled . | . . . . . . . Retrieved Matter . | . . . . . . . Parts Self-Destructed . | . . . . . . . Prevented . | . . . . . . . Kills | -11 -10 -9 -9 -8 -7 -7 ------- Run | Yrd Mat Mat Sto Mat Fac Low Combat Hostiles Destroyed . | . . . . . . . Classes Destroyed . | . . . . . . . Best Kill Streak . | . . . . . . . Combat Bots Only . | . . . . . . . Max Kills in Single Turn . | . . . . . . . Gunslinging . | . . . . . . . Exploded . | . . . . . . . Melee . | . . . . . . . Uniques/NPCs Destroyed . | . . . . . . . Combat | -11 -10 -9 -9 -8 -7 -7 -------- Run | Yrd Mat Mat Sto Mat Fac Low Hostile Shots Fired 54 | . 3 . 15 23 11 2 Missed 19 | . 2 . 7 5 4 1 Damage Taken 449 | . 8 . 110 211 110 10 Core 285 | . 8 . 110 140 27 . Absorbed by Shields . | . . . . . . . Core Remaining (%) 85 | 100 96 . 72 74 . . Volleys Fired . | . . . . . . . Largest . | . . . . . . . Hottest . | . . . . . . . Shots Fired . | . . . . . . . Gun . | . . . . . . . Cannon . | . . . . . . . Launcher . | . . . . . . . Special . | . . . . . . . Kinetic . | . . . . . . . Thermal . | . . . . . . . Explosive . | . . . . . . . Electromagnetic . | . . . . . . . Robot Hit Streak . | . . . . . . . Robot Miss Streak . | . . . . . . . Penetration Max . | . . . . . . . Secondary Targets . | . . . . . . . Shots Hit Robots . | . . . . . . . Core Hits 1 | . . . 1 . . . Critical Kills . | . . . . . . . Critical Parts Destroyed . | . . . . . . . Critical Strikes . | . . . . . . . Melee Attacks 18 | . . . . 4 14 . Impact . | . . . . . . . Slashing 18 | . . . . 4 14 . Piercing . | . . . . . . . Sneak Attacks . | . . . . . . . Combat Hostiles . | . . . . . . . Follow-up Attacks . | . . . . . . . Damage Inflicted 18 | . . . 6 . 12 . Guns . | . . . . . . . Cannons . | . . . . . . . Explosions . | . . . . . . . Melee . | . . . . . . . Ramming 18 | . . . 6 . 12 . Kinetic . | . . . . . . . Thermal . | . . . . . . . Explosive . | . . . . . . . Electromagnetic . | . . . . . . . Impact . | . . . . . . . Slashing . | . . . . . . . Piercing . | . . . . . . . Highest Corruption 1 | . . . . 1 . . Average Corruption 1 | . . . . 1 . . Corruption Purged . | . . . . . . . Corruption Blocked . | . . . . . . . Overload Shots . | . . . . . . . Overflow Damage . | . . . . . . . Projectiles . | . . . . . . . Explosions . | . . . . . . . Melee . | . . . . . . . Knockbacks . | . . . . . . . Impact . | . . . . . . . Kinetic . | . . . . . . . Secondary . | . . . . . . . Self-Inflicted Damage 8 | . . . 2 . 6 . Shots . | . . . . . . . Rammed 5 | . . . 4 . 1 . Targets Rammed 5 | . . . 4 . 1 . Kicked . | . . . . . . . Crushed . | . . . . . . . Highest Temperature . | . . . . . . . Average Temperature . | . . . . . . . Received Heat Transfer 96 | . . . 51 45 . . Siege Activations . | . . . . . . . Robots Corrupted . | . . . . . . . Combat Hostiles . | . . . . . . . Parts Fried . | . . . . . . . Impact Corruptions . | . . . . . . . Robots Melted . | . . . . . . . Combat Hostiles . | . . . . . . . Parts Melted . | . . . . . . . Heat Transferred . | . . . . . . . Parts Sabotaged . | . . . . . . . Parts Stolen . | . . . . . . . Parts Stripped . | . . . . . . . Power Chain Reactions . | . . . . . . . Alert | -11 -10 -9 -9 -8 -7 -7 ------- Run | Yrd Mat Mat Sto Mat Fac Low Peak Influence 194 | . 35 29 194 186 127 . Initial 84 | . . 14 11 63 84 . Average 97 | . 6 15 90 141 110 . Maximum Alert Level . | . . . . . . . Low Security (%) 100 | 100 100 100 100 100 100 . Level 1 . | . . . . . . . Level 2 . | . . . . . . . Level 3 . | . . . . . . . Level 4 . | . . . . . . . Level 5 . | . . . . . . . High Security . | . . . . . . . Max Security . | . . . . . . . Squads Dispatched 6 | . . . 3 2 1 . Investigation 3 | . . . 2 1 . . Extermination . | . . . . . . . Reinforcement 2 | . . . . 1 1 . Assault . | . . . . . . . Garrison 1 | . . . 1 . . . Intercept . | . . . . . . . Searches Triggered . | . . . . . . . Construction Impeded 1 | . . . . . 1 . Haulers Reinforced . | . . . . . . . Active Scanning Responses . | . . . . . . . Cargo Convoy Interrupts . | . . . . . . . Stealth | -11 -10 -9 -9 -8 -7 -7 --------- Run | Yrd Mat Mat Sto Mat Fac Low Distress Signals 1 | . . . . 1 . . Communications Jammed . | . . . . . . . Distress Signals . | . . . . . . . Times Spotted 30 | . 4 . 12 10 3 1 Peak Tracking Total 11 | . 4 . 11 8 3 1 Tactical Retreats 3 | . . . 2 . . 1 Traps | -11 -10 -9 -9 -8 -7 -7 ------- Run | Yrd Mat Mat Sto Mat Fac Low Traps Triggered . | . . . . . . . Indirectly . | . . . . . . . Trap Hack Attempts . | . . . . . . . Triggered . | . . . . . . . Disarmed . | . . . . . . . Reprogrammed . | . . . . . . . Reused . | . . . . . . . Traps Extracted . | . . . . . . . Installed . | . . . . . . . Triggered . | . . . . . . . Machines | -11 -10 -9 -9 -8 -7 -7 ---------- Run | Yrd Mat Mat Sto Mat Fac Low Machines Disabled . | . . . . . . . Max in Single Turn . | . . . . . . . Machines Repaired . | . . . . . . . Machines Dismantled . | . . . . . . . Machines Sabotaged . | . . . . . . . Overloaded Fab Kills . | . . . . . . . Hacking | -11 -10 -9 -9 -8 -7 -7 --------- Run | Yrd Mat Mat Sto Mat Fac Low Machines Accessed 13 | . 2 . 6 2 3 . Terminals 12 | . 2 . 6 2 2 . Fabricators 1 | . . . . . 1 . Repair Stations . | . . . . . . . Recycling Units . | . . . . . . . Scanalyzers . | . . . . . . . Garrison Access . | . . . . . . . Total Hacks 32 | . 6 . 15 6 5 . Successful 10 | . 1 . 5 2 2 . Failed 22 | . 5 . 10 4 3 . Catastrophic 4 | . . . 2 2 . . Database Lockouts . | . . . . . . . Manual 23 | . 6 . 9 4 4 . Terminals 30 | . 6 . 15 6 3 . Fabricators 2 | . . . . . 2 . Repair Stations . | . . . . . . . Recycling Units . | . . . . . . . Scanalyzers . | . . . . . . . Garrison Access . | . . . . . . . Terminal Hacks 6 | . . . 4 1 1 . Robot Analysis 1 | . . . 1 . . . Open Door 3 | . . . 3 . . . Open DSF 1 | . . . . . 1 . Level Access Points 1 | . . . . 1 . . Fabricator Hacks . | . . . . . . . Repair Station Hacks . | . . . . . . . Recycling Unit Hacks . | . . . . . . . Scanalyzer . | . . . . . . . Garrison Access Hacks . | . . . . . . . Unauthorized Hacks 4 | . 1 . 1 1 1 . Terminals 4 | . 1 . 1 1 1 . Botnet 4 | . 1 . 1 1 1 . Fabricators . | . . . . . . . Repair Stations . | . . . . . . . Recycling Units . | . . . . . . . Scanalyzers . | . . . . . . . Garrison Access . | . . . . . . . Data Cores Recovered . | . . . . . . . Used . | . . . . . . . Hacking Detections 12 | . 2 . 5 2 3 . Full Trace Events 4 | . . . 3 1 . . Feedback Events 1 | . . . . 1 . . Corruption 1 | . . . . 1 . . Feedback Blocked . | . . . . . . . Robot Schematics Acquired . | . . . . . . . Robots Built . | . . . . . . . Authchips . | . . . . . . . Time . | . . . . . . . Total Robot Build Rating . | . . . . . . . Part Schematics Acquired . | . . . . . . . Parts Built . | . . . . . . . Authchips . | . . . . . . . Time . | . . . . . . . Total Part Build Rating . | . . . . . . . Parts Repaired . | . . . . . . . Time . | . . . . . . . Parts Recycled . | . . . . . . . Recycled Matter . | . . . . . . . Retrieved Matter . | . . . . . . . Retrieved Components . | . . . . . . . Parts Scanalyzed . | . . . . . . . Part Schematics Acquired . | . . . . . . . Parts Damaged . | . . . . . . . Bothacking | -11 -10 -9 -9 -8 -7 -7 ------------ Run | Yrd Mat Mat Sto Mat Fac Low Used RIF Installer . | . . . . . . . Robots Hacked . | . . . . . . . Non-combat . | . . . . . . . Combat . | . . . . . . . Robot Hacks Applied . | . . . . . . . Relay Couplers Released . | . . . . . . . Fabnet Peak Effective % . | . . . . . . . Robots Rewired . | . . . . . . . Allies Hacked . | . . . . . . . Hacks Repelled . | . . . . . . . Allies | -11 -10 -9 -9 -8 -7 -7 -------- Run | Yrd Mat Mat Sto Mat Fac Low Total Allies 10 | . . . 10 . . . Largest Group 10 | . . . 10 . . . Highest-Rated Group 88 | . . . 88 . . . Highest-Rated Ally 16 | . . . 16 . . . Total Orders . | . . . . . . . Ally Attacks 29 | . . . 29 . . . Total Damage 240 | . . . 240 . . . Kills 3 | . . . 3 . . . Allies Corrupted . | . . . . . . . Allies Melted . | . . . . . . . Intel | -11 -10 -9 -9 -8 -7 -7 ------- Run | Yrd Mat Mat Sto Mat Fac Low Robot Analysis Total 1 | . . . 1 . . . Derelict Logs Recovered 2 | . . . . . . 2 Drone Launches . | . . . . . . . Drone Recoveries . | . . . . . . . Exploration | -11 -10 -9 -9 -8 -7 -7 ------------- Run | Yrd Mat Mat Sto Mat Fac Low Turns Passed 712 | 9 26 34 128 106 161 248 Spaces Moved 1275 | 18 51 67 238 176 232 493 Core 1275 | 18 51 67 238 176 232 493 Treads . | . . . . . . . Legs . | . . . . . . . Wheels . | . . . . . . . Hover . | . . . . . . . Flight . | . . . . . . . Fastest Speed 50 | 50 50 50 50 50 50 50 Average Speed 50 | 50 50 50 50 50 50 50 Slowest Speed 50 | 50 50 50 50 50 50 50 Overloaded Moves . | . . . . . . . Propulsion Burnouts . | . . . . . . . Robots Hopped . | . . . . . . . Cave-ins Triggered . | . . . . . . . Exploration Rate (%) 25 | 3 20 11 38 29 9 69 Regions Visited 6 Branch Regions 2 Pre-discovered Areas . | . . . . . . . Known Exits Taken 1 | . . . . 1 . . Unknown Exits Taken 5 | 1 1 1 1 . 1 . Scrap Searched 8 | . . . . . . 8 Spaces Dug 17 | . . . . 4 13 . Terrain Destroyed 17 | . . . . 4 13 . Melee 17 | . . . . 4 13 . Projectile . | . . . . . . . AOE . | . . . . . . . Terrain Rammed . | . . . . . . . Walls Destroyed . | . . . . . . . Machines Disabled . | . . . . . . . Actions | -11 -10 -9 -9 -8 -7 -7 --------- Run | Yrd Mat Mat Sto Mat Fac Low Total 1310 | 17 50 66 246 184 253 494 Wait 2 | . . . . . 2 . Move 1269 | 17 50 66 237 175 231 493 Hop . | . . . . . . . Pick Up . | . . . . . . . Fast Attach 10 | . . . 1 5 4 . Attach . | . . . . . . . Detach 3 | . . . 1 . 1 1 Swap . | . . . . . . . Drop . | . . . . . . . Fire . | . . . . . . . Melee 18 | . . . . 4 14 . Ram 5 | . . . 4 . 1 . Kick . | . . . . . . . Crush . | . . . . . . . Escape Stasis . | . . . . . . . Rewire 3 | . . . 3 . . . Trap . | . . . . . . . Miscellaneous . | . . . . . . . Route ------- -11/Scrapyard -10/Materials -9/Materials -9/Storage -8/Materials (discovered 3 exits: *Fac x3) -7/Factory -7/Lower Caves History --------- Turn | Location | Event 4 | -11/Scrapyard | Discovered new exit (range 13) 10 | -11/Scrapyard | Entered Materials 34 | -10/Materials | Discovered new exit (range 5) 36 | -10/Materials | Entered another Materials area 36 | -9/Materials | Evolved 2 slots: Utility x2 64 | -9/Materials | Discovered new exit (range 9) 70 | -9/Materials | Entered Storage 162 | -9/Storage | Assisted by bots powering up and referring to "LRC-V3" 178 | -9/Storage | Garrison activated, responded to threat 194 | -9/Storage | Discovered new exit (range 6) 198 | -9/Storage | Entered Materials 198 | -8/Materials | Evolved 2 slots: Propulsion x2 220 | -8/Materials | Lost 7 allies 254 | -8/Materials | Identified exit to Factory 304 | -8/Materials | Entered Factory 304 | -7/Factory | Evolved 2 slots: Utility x2 415 | -7/Factory | Identified exit to DSF 462 | -7/Factory | Discovered new exit (range 7) 465 | -7/Factory | Entered Lower Caves 489 | -7/Lower Caves | Build established: Mutant 713 | -7/Lower Caves | Self-destructed Last Messages --------------- 00518_ Searching scrap... 00518_ Found Cryofiber Web. 00518_ Found 36 Matter. 00518_ Searching scrap... 00518_ Found Imp. Propulsion Shielding. 00518_ Found Mak. Laser. 00518_ Found 32 Matter. 00519_ Acquired 32 matter. 00519_ Searching scrap... 00519_ Found Imp. Targeting Computer. 00519_ Found Lrg. Battery. 00519_ Found Hvy. Ion Cannon. 00519_ Found Gauss Cannon. 00519_ Found 17 Matter. 00520_ Searching scrap... 00520_ Found Plasma Cannon. 00623_ IE-71B(k) breaks down the debris. 00676_ Acquired 5 matter. 00680_ Acquired 3 matter. 00681_ Acquired 2 matter. Map ----- +----------------------------------------------------+ | ?????????????????????????????????????????????????? | | ?????????????????????????????????????????????????? | | ?????????????????????????????????????????????????? | | ?????????????????????????????????????????????????? | | ?????????????????????????????????????????????????? | | ?????????????????????????????????????????????????? | | ?????????????????????????????????????????????????? | | ?????????????????????????????????????????????????? | | ?????????????????????????????????????????????????? | | ?????????????????????????????????????????????????? | | ?????????????????????????????????????????????????? | | ?????????????????????????????????????????????????? | | ?????????????????????????????????????????????????? | | ?????????????????????????????????????????????????? | | ?????????????????????????????????????????????????? | | ?????????????????????????????????????????????????? | | ?????????????????????????????????????????????????? | | ?????????????????????????????????????????????????? | | ?????????????????????????????????????????????????? | | ?????????????????????????????????????????????????? | | ?????????????????????????????????????????????????? | | ?????????????????????????????????????????????????? | | ?######???##??######?????????????????????????????? | | ?# #### ### ######????##??????????????????? | | ?? ### ##?????????????????? | | ??????# @ #?????????????????? | | ?????## #### ## #????????????????? | | ????## ###??# #?# ##????????????????? | | ????# ##???# #?# #?????????????????? | | ##### #????## #?# #?????????????????? | | ##?????# #? #????????????????? | | ####### ###?????? ? #????????????????? | | ?""""" #???????? ? ???????????????? | | "" X## ###### ## ? ??????????????? | | " "?## ##?# ? ?????????????? | | " ###??# ###??? ?? ##????????????? | | #X#### ##### ####?????? ????#?????????????? | | ! #????? ##???????????????????????????? | | ## ### #????? #???????????????????????????? | | " !## #?#### #????? ???????????????????? | | "" ## #?# #??### ???????????????????? | | #"""""""## ### ??# ??????????????????? | | ###### ## ?? ??????????????????? | | #? ??? #???????????????????? | | ##?# #?? #???????????????????? | | ## ########??# #?# #????????????????????? | | #????????# ## #?????????????????????? | | ###?????#### #????????????????????????? | | #???????# #?????????????????????????? | | ##??????# #??????????????????????????? | +----------------------------------------------------+ Best States ------------- Heat Dissipation 34 Coolant Potential 65 Energy Generation 5 Energy Capacity 100 Matter Stores 273 Matter Capacity 300 Sight Range 16 Terrain Scan Density 110 Evasion (%) 58 Melee Accuracy 5 Defensive Hacking 10 Item Schematics ----------------- None Robot Schematics ------------------ None Fabricated ------------ Nothing Alien Tech Used ----------------- None Achievements -------------- None Challenges ------------ None Game ------ Seed ReactionIonicWarhead Manual? 0 Play Time 00:18:31 Cumulative 170.8 hours Start 2024.04.08 @ 19:27:01 End 2024.04.08 @ 19:45:05 Sessions 1 Manual Loads 0 Difficulty Rogue Special Mode None Game No. 150 Rogue 145 Adventurer 0 Explorer 5 Win Type - Total 5 Types 2/0/1/2/0/0/0/0/0 Lore% 52 Gallery% 61 Achievement% 48 Wizard Run 0 Options --------- Layout 0 ASCII 0 Keyboard 0 Movement Mouse Keybinds 0 Fullscreen 2 Font 36/Terminus Map View 83x50 Zoom Use 0% Tactical HUD 1 Map Filters NONE Filters NONE Steam 1 RUN: fb95f1c9-d6ae-4664-a9f8-d967260b7152